Map: Eternal Empire LE

Players

Throwfordays - Winner!

  • Race: Protoss Protoss
  • League: Silver
  • Spawn Location: 7:00

CARDO

  • Race: Zerg Zerg
  • League: Silver
  • Spawn Location: 1:00

VOD

Have the link to the VOD?

Description

Time

  • Played on: June 29, 2020, 3:46 p.m.
  • Length: 9:09
Show
View Real Time Build Order
Export as new Build Order

Throwfordays Protoss - Winner!

Build Orders:  

Get SALT Encoding   

  12  0:01  Probe  
  13  0:13  Probe  
  14  0:21  Pylon  
  14  0:25  Probe  
  15  0:40  Gateway  
  15  0:42  Probe  
  16  0:55  Probe  
  17  1:05  Forge  
  17  1:07  Probe  
  18  1:18  Assimilator  
  18  1:19  Probe  
  19  1:28  Gateway  
  19  1:36  Probe  
  20  1:46  Cybernetics Core  
  20  1:50  Zealot  
  20  1:52  Photon Cannon  
  22  2:07  Photon Cannon, Warp Gate  
  22  2:15  Probe  
  23  2:28  Nexus  
  23  2:44  Shield Battery  
  23  2:46  Shield Battery  
  23  2:55  Pylon  
  23  3:01  Assimilator  
  23  3:20  Adept  
  23  3:24  Probe  
  25  3:32  Probe  
  26  3:35  Robotics Facility  
  26  3:37  Probe  
  28  3:42  Probe  
  28  3:45  Probe  
  28  3:54  Protoss Ground Weapons Level 1, Probe  
  29  4:02  Probe  
  31  4:07  Probe  
  32  4:13  Assimilator  
  32  4:14  Probe  
  32  4:16  Assimilator  
  33  4:19  Probe  
  33  4:20  Sentry  
  33  4:24  Observer  
  37  4:26  Probe  
  38  4:43  Nexus  
  38  4:47  Assimilator  
  38  4:52  Pylon  
  38  4:57  Probe  
  38  5:04  Probe  
  38  5:05  Stalker x2, Probe  
  45  5:14  Assimilator  
  45  5:15  Probe  
  45  5:16  Probe  
  45  5:19  Gateway  
  47  5:26  Gateway  
  47  5:31  Probe  
  48  5:43  Probe  
  48  5:44  Stalker  
  48  5:45  Stalker  
  53  5:53  Probe  
  53  5:55  Probe  
  53  5:56  Immortal  
  59  6:00  Probe  
  59  6:07  Probe  
  59  6:08  Protoss Ground Armor Level 1, Probe  
  59  6:10  Gateway  
  61  6:12  Gateway  
  62  6:18  Probe  
  62  6:19  Probe  
  62  6:21  Probe  
  65  6:29  Probe  
  65  6:34  Pylon  
  65  6:39  Probe  
  66  6:44  Pylon  
  66  6:46  Pylon  
  67  6:47  Probe  
  67  6:52  Immortal  
  72  6:54  Probe  
  72  6:59  Probe  
  74  7:02  Stalker x2  
  74  7:03  Stalker x2  
  74  7:07  Probe  
  83  7:12  Probe  
  84  7:19  Probe  
  84  7:20  Warp Prism  
  84  7:21  Stalker x2  
  89  7:24  Probe  
  90  7:31  Probe  
  93  7:39  Pylon  
  93  7:41  Pylon  
  93  7:43  Pylon  
  93  7:45  Pylon  
  93  7:54  Pylon  
  93  7:55  Pylon  
  93  7:57  Pylon, Probe x3, Immortal  
  100  8:09  Probe x3  
  102  8:21  Probe x3  
  105  8:30  Stalker x2  
  105  8:31  Stalker x3  
  105  8:32  Stalker  
  117  9:04  Stalker x6  
Show
View Real Time Build Order
Export as new Build Order

CARDO Zerg 

Build Orders: Pool First 

Get SALT Encoding   

  12  0:07  Drone  
  12  0:12  Drone  
  14  0:20  Overlord  
  14  0:41  Spawning Pool  
  14  0:42  Drone  
  14  0:44  Drone  
  15  1:03  Drone x2  
  17  1:07  Extractor  
  16  1:16  Drone x2  
  18  1:35  Queen  
  18  1:36  Hatchery  
  19  1:41  Drone  
  19  1:44  Drone  
  21  1:52  Zergling x2  
  22  2:06  Overlord  
  22  2:14  Overlord  
  22  2:23  Overlord  
  22  2:24  Queen  
  24  2:40  Zergling x2  
  25  2:45  Zergling x4  
  25  2:46  Zergling x4, Extractor  
  28  3:01  Metabolic Boost  
  28  3:09  Drone  
  28  3:10  Drone  
  28  3:11  Drone  
  31  3:31  Roach Warren  
  31  3:32  Lair  
  30  3:41  Hatchery  
  29  3:47  Drone  
  29  3:48  Drone x3  
  33  3:55  Drone x2  
  35  4:03  Drone  
  35  4:04  Drone x2  
  38  4:27  Drone x6  
  38  4:31  Extractor  
  43  4:33  Extractor  
  43  4:38  Glial Reconstitution  
  42  4:47  Queen  
  42  4:50  Drone  
  42  4:51  Drone x2  
  47  4:57  Drone x3  
  50  5:14  Drone  
  50  5:15  Drone x2  
  50  5:17  Drone x2  
  50  5:18  Drone  
  50  5:20  Drone x2  
  58  5:24  Overlord x4  
  58  5:36  Evolution Chamber  
  57  5:45  Overseer  
  57  5:48  Overseer  
  57  5:56  Tunneling Claws  
  57  6:02  Spore Crawler x2  
  55  6:05  Spore Crawler x2  
  53  6:12  Spore Crawler  
  53  6:15  Spore Crawler  
  53  6:17  Drone  
  53  6:18  Drone x3  
  55  6:50  Hydralisk Den  
  54  6:55  Zerg Melee Weapons Level 1, Infestation Pit  
  53  7:05  Drone x2  
  53  7:06  Drone x6  
  53  7:08  Drone x4  
  63  7:09  Drone x4  
  69  7:51  Spore Crawler  
  68  7:57  Spore Crawler  
  67  8:20  Spore Crawler  
  66  8:30  Spore Crawler  
  66  8:31  Spore Crawler  
  64  8:35  Spore Crawler  
  64  8:36  Roach  
  64  8:37  Roach x8  
  64  8:38  Zergling x2  
  64  8:40  Overlord x8  
Tags
 
Matchup
PvZ
Opening
Pool First
Replay Pack
Multiplayer
Spawn Locations
Cross Positions
Add a new tag
Caveats
  • Supply blocks, unpowered buildings, or Contaminate may cause inaccurate times.
  • Supply counts are checked every 10 seconds.